 Dungeon Crawl Stone Soup version 0.29-a0-334-gb41bcbb86e (webtiles) character file.

Game seed: 2300029212064560245

7 Dauddaud the Gusty (level 1, 0/14 HPs)
             Began as a Draconian Air Elementalist on Apr 14, 2022.
             Succumbed to a hobgoblin's poison
             ... on level 1 of the Dungeon.
             The game lasted 00:04:05 (743 turns).

Dauddaud the Gusty (Draconian Air Elementalist)      Turns: 743, Time: 00:04:05

Health: 0/14       AC:  4    Str: 10    XL:     1   Next: 91%
Magic:  0/3        EV: 11    Int: 15    God:
Gold:   20         SH:  3    Dex: 11    Spells: 3/4 levels left

rFire   . . .      SeeInvis .   (no weapon)
rCold   . . .      Faith    .   g - +0 buckler
rNeg    . . .      Spirit   .   (body armour unavailable)
rPois   .          Reflect  .   (helmet restricted)
rElec   .          Harm     .   (no cloak)
rCorr   .          Rampage  .   (no gloves)
Will    .....                   (no boots)
Stlth   ++........              (no amulet)
HPRegen 0.04/turn               (no ring)
MPRegen 0.08/turn               (no ring)

@: lethally poisoned (0 -> -7)
A: AC +4, unfitting armour, cold-blooded
a: no special abilities


You were on level 1 of the Dungeon.
You visited 1 branch of the dungeon, and saw 1 of its levels.

You collected 20 gold pieces.

Inventory:

Armour
 g - a +0 buckler (worn)
Scrolls
 b - a scroll of teleportation {unknown}
 d - a scroll of enchant armour {unknown}
 f - a scroll of blinking {unknown}
Potions
 a - a potion of magic
 c - 2 potions of heal wounds {unknown}
 e - a potion of flight {unknown}


   Skills:
 + Level 1.7 Dodging
 + Level 1.8 Stealth
 + Level 2.2 Spellcasting
 + Level 1.0 Conjurations
 + Level 3.2 Air Magic


You had 3 spell levels left.
You knew the following spells:

 Your Spells              Type           Power      Damage    Failure   Level
a - Shock                 Conj/Air       32%        1d5       12%         1

Your spell library contained the following spells:

 Spells                   Type           Power      Damage    Failure   Level
 Static Discharge         Conj/Air       8%         N/A       19%         2
 Magic Dart               Conj           16%        1d3       21%         1
 Swiftness                Air            11%        N/A       24%         3
 Searing Ray              Conj           8%         2d4       30%         2
 Airstrike                Air            5%         N/A       61%         4
 Fulminant Prism          Conj/Hex       1%         3d6       94%         4


Dungeon Overview and Level Annotations

Branches:
Dungeon (1/15)

Altars:

Shops:
D:1 [


Innate Abilities, Weirdness & Mutations

Your plain brown scales are hard. (AC +4)
You cannot fit into any form of body armour.
You are cold-blooded and may be slowed by cold attacks.


Message History

You are poisoned.
Casting: Shock (safe; 12% risk of failure)
Confirm with . or Enter, or press ? or * to list all spells.
Aiming: Shock (safe; 12% risk of failure)
Press: ? - help, Shift-Dir - straight line, f/p - hobgoblin
Aim: a hobgoblin, quivering poisoned darts (68% to hit)
The zap hits the hobgoblin.
The hobgoblin is lightly wounded.
You feel sick.
Casting: Shock (safe; 12% risk of failure)
Confirm with . or Enter, or press ? or * to list all spells.
Aiming: Shock (safe; 12% risk of failure)
Press: ? - help, Shift-Dir - straight line, f/p - hobgoblin
Aim: a hobgoblin, quivering poisoned darts (68% to hit)
The zap hits the hobgoblin.
The hobgoblin is heavily wounded.
You feel sick.
You feel sick.
You feel sick.
You feel sick.
You feel sick.
You feel sick.
You feel sick.
You are no longer poisoned.
The hobgoblin throws a poisoned dart.
The poisoned dart hits you!
You are lethally poisoned!
* * * LOW HITPOINT WARNING * * *
You feel very sick.
Unknown command.
Casting: Shock (safe; 12% risk of failure)
Confirm with . or Enter, or press ? or * to list all spells.
You don't know that spell.
Casting: Shock (safe; 12% risk of failure)
Confirm with . or Enter, or press ? or * to list all spells.
Aiming: Shock (safe; 12% risk of failure)
Press: ? - help, Shift-Dir - straight line, f/p - hobgoblin
Aim: a hobgoblin, quivering poisoned darts (heavily wounded, 68% to hit)
The zap hits the hobgoblin.
The hobgoblin is almost dead.
You die...

#.### #.........##.............
##.#### #.......####.###.........
......# #.......# #.# ########..
......# #.......# #.# #.. ......#
######### #.# #.. ......# #.# #..
......# #.# #..
......##############.# .
......#.........@....######## ..
##.##....###########..g.....##...
##.....#.# #.#####.#.!...
#####....# #.####..##....
#####.#### #.##.......... ......#
#.##.#..##.... #######
#.##.##.#..... #........#g#..
####.#.###....


You could see a hobgoblin.

Vanquished Creatures
  2 endoplasms (D:1)
  2 quokkas (D:1)
  2 ball pythons (D:1)
  A rat (D:1)
7 creatures vanquished.

Notes
Turn   | Place    | Note
-------+----------+-------------------------------------------
     0 | D:1      | Dauddaud the Draconian Air Elementalist began the quest for
                  | the Orb.
     0 | D:1      | Reached XP level 1. HP: 14/14 MP: 3/3
    31 | D:1      | Found Cahinavet's Armour Emporium.
   743 | D:1      | Succumbed to a hobgoblin's poison

Illustrated notes

Levels and vault maps discovered:
D:1:      noname_arrival_rooms_in_the_neighbourhood, layout_loops_cross,
          basic_ecumenical_altar, serial_shops, nicolae_shop_hallway_stairs,
          hangedman_decor_points

Action                   || total
-------------------------++-------
Melee: Unarmed           ||    10
       Tailslap          ||     2
 Cast: Shock             ||    10
Armor: Skin              ||     2
Dodge: Dodged            ||     4

Table legend: (Time is in decaauts)
 A = Elapsed time spent in this place.
 B = Non-inter-level travel time spent in this place.
 C = Inter-level travel time spent in this place.
 D = Time resting spent in this place.
 E = Time spent auto-exploring this place.
 F = Levels seen in this place.
 G = Mean time per level.
                   A        B        C        D        E       F      G
               +--------+--------+--------+--------+--------+-----+--------+
         Total |    745 |    745 |      0 |    273 |    374 |   1 |  745.0 |
       Dungeon |    745 |    745 |      0 |    273 |    374 |   1 |  745.0 |
               +--------+--------+--------+--------+--------+-----+--------+

Top non-repeatable levels by time:
     D:1: 745 daAuts
